[Event "ICC tourney 3095 (40 10)"]
[Site "Internet Chess Club"]
[Date "2023.01.07"]
[Round "2"]
[White "HAO, RYAN:Ryan334"]
[Black "ASKEW, GEORGE:BlueStorm"]
[Result "1-0"]
[ICCResult "Black resigns"]
[WhiteElo "727"]
[BlackElo "1360"]
[Opening "Pirc: classical (two knights) system"]
[ECO "B08"]
[NIC "PU.10"]
[Time "13:15:09"]
[PlyCount "107"]
[TimeControl "2400+10"]

1. e4 d6 2. d4 Nf6 3. Nc3 g6 4. Nf3 Bg7 5. Bc4 Nc6 6. Bg5 h6 7. Bh4 Na5 8.
Bd3 b6 9. d5 Bd7 10. O-O Nb7 11. Re1 Nc5 12. Bc4 g5 13. Bg3 Nh5 14. e5 Nxg3
15. fxg3 Bg4 16. exd6 cxd6 17. h3 Bf5 18. Qd2 O-O 19. Nd4 Bd7 20. Bb5 Re8
21. Nc6 Qc7 22. Nxe7+ Kh8 23. Bxd7 Qxd7 24. Nc6 Rxe1+ 25. Rxe1 Re8 26. Rxe8+
Qxe8 27. Nxa7 Qe5 28. Kh2 Ne4 29. Nxe4 Qxe4 30. b3 f5 31. Qd3 Qxd3 32. cxd3
Bc3 33. Nc8 Bb4 34. Nxb6 Kg7 35. Nc4 Kf6 36. a3 Bc3 37. Nxd6 Ke5 38. Nf7+
Kf6 39. Nxh6 Kg6 40. Ng8 Kf7 41. Nh6+ Kg6 42. Nxf5 Kxf5 43. h4 g4 44. b4 Ke5
45. b5 Kxd5 46. h5 Kc5 47. a4 Kb4 48. b6 Ka5 49. b7 Be5 50. d4 Bd6 51. h6
Ka6 52. h7 Kxb7 53. h8=Q Bxg3+ 54. Kxg3 {Black resigns} 1-0

[Event "ICC tourney 3095 (40 10)"]
[Site "Internet Chess Club"]
[Date "2023.01.07"]
[Round "2"]
[White "Jones, Richard S:weakfish"]
[Black "Anand, Anirudh:AnirudhAnand"]
[Result "1-0"]
[ICCResult "Black checkmated"]
[WhiteElo "1376"]
[BlackElo "768"]
[Opening "Ruy Lopez: Caro variation"]
[ECO "C70"]
[NIC "RL.09"]
[Time "13:16:02"]
[PlyCount "111"]
[TimeControl "2400+10"]

1. e4 e5 2. Nf3 Nc6 3. Bb5 a6 4. Ba4 b5 5. Bb3 Nf6 6. d3 h6 7. O-O Bc5 8. h3
O-O 9. Nc3 d6 10. a3 Be6 11. Bxe6 fxe6 12. Be3 Nd4 13. Nh2 d5 14. Ng4 Bd6
15. Nxf6+ Qxf6 16. exd5 e4 17. Nxe4 Qe5 18. f4 Qxd5 19. Nxd6 cxd6 20. c4 Qc5
21. Kh1 e5 22. fxe5 Qxe5 23. Bxd4 Qxd4 24. cxb5 axb5 25. Qb3+ Kh7 26. Rxf8
Rxf8 27. Qxb5 Rf2 28. Qc4 Qxc4 29. dxc4 Rxb2 30. Rd1 Rc2 31. Rxd6 Rxc4 32.
Ra6 Rc1+ 33. Kh2 Ra1 34. a4 Kg8 35. a5 Kf8 36. Ra8+ Kf7 37. a6 Ke7 38. a7
Kd6 39. Rd8+ Kc7 40. a8=Q Rxa8 41. Rxa8 g5 42. Ra6 h5 43. Kg3 Kd7 44. h4 g4
45. Kf4 Ke7 46. Kf5 Kf7 47. Ra7+ Kf8 48. Kg6 Ke8 49. Kf6 Kd8 50. Ke6 Kc8 51.
Kd6 Kb8 52. Rh7 Kc8 53. Rg7 Kb8 54. Kc6 Ka8 55. Kb6 Kb8 56. Rg8#
{Black checkmated}
1-0

[Event "ICC tourney 3095 (40 10)"]
[Site "Internet Chess Club"]
[Date "2023.01.07"]
[Round "2"]
[White "STEBBINS, PRESCOTT ALLEN:MysticWeirdness"]
[Black "RAVIND G N, RICNESH:RickyCarlsen"]
[Result "1-0"]
[ICCResult "Black checkmated"]
[WhiteElo "811"]
[BlackElo "1467"]
[Opening "Scandinavian: Pytel-Wade variation"]
[ECO "B01"]
[NIC "SD.02"]
[Time "13:15:18"]
[PlyCount "171"]
[TimeControl "2400+10"]

1. e4 d5 2. exd5 Qxd5 3. Nc3 Qd6 4. Nf3 Nf6 5. Bc4 a6 6. d4 e6 7. O-O b5 8.
Bb3 Bb7 9. h3 Be7 10. Be3 O-O 11. a3 Rd8 12. Re1 Nbd7 13. Bg5 Nb6 14. Bxf6
Bxf6 15. Ne4 Qe7 16. Nxf6+ Qxf6 17. c3 c5 18. Ne5 Qg5 19. Nf3 Qf4 20. Re3
Nd5 21. Bxd5 Rxd5 22. Qe2 cxd4 23. Re4 Qf6 24. Rxd4 Rad8 25. Rad1 Qg6 26.
Qe5 h6 27. Rxd5 Rxd5 28. Qb8+ Kh7 29. Re1 Rd7 30. Qf4 Bxf3 31. Qxf3 Rd3 32.
Qb7 e5 33. Qe4 Qxe4 34. Rxe4 Rd2 35. Rb4 Kg6 36. Kf1 Kf5 37. g3 Ke6 38. Kg2
f5 39. Kf3 e4+ 40. Ke3 Rd3+ 41. Ke2 Kd5 42. a4 Kc5 43. axb5 axb5 44. Rb3 Rd6
45. Ra3 b4 46. Ra5+ Kc4 47. cxb4 g6 48. b5 Kb4 49. Ra6 Rd5 50. Rxg6 Rxb5 51.
Rxh6 Kb3 52. Rh5 Kc4 53. b3+ Kd4 54. b4 Rxb4 55. Rxf5 Rb2+ 56. Kf1 Kd3 57.
h4 Kd2 58. h5 e3 59. fxe3 Kxe3 60. h6 Rh2 61. Rf6 Ke4 62. g4 Ke5 63. g5 Rh5
64. Rg6 Kf5 65. Rg7 Ke6 66. h7 Kf5 67. g6 Kf6 68. Rg8 Rf5+ 69. Ke2 Re5+ 70.
Kd3 Rh5 71. h8=Q+ Rxh8 72. Rxh8 Kxg6 73. Rh4 Kg5 74. Re4 Kf5 75. Ke3 Kf6 76.
Kf4 Kg6 77. Re5 Kf6 78. Ke4 Kf7 79. Kf5 Kg7 80. Re6 Kf7 81. Ke5 Kg7 82. Rf6
Kg8 83. Kf5 Kg7 84. Kg5 Kg8 85. Kg6 Kh8 86. Rf8# {Black checkmated} 1-0

[Event "ICC tourney 3095 (40 10)"]
[Site "Internet Chess Club"]
[Date "2023.01.07"]
[Round "2"]
[White "KISHORE, KAVISH:K03-16800564"]
[Black "STONE, GILBERT L:tightfist"]
[Result "1-0"]
[ICCResult "Black checkmated"]
[WhiteElo "1405"]
[BlackElo "1200"]
[Opening "QGD: Charousek (Petrosian) variation"]
[ECO "D31"]
[NIC "QP.08"]
[Time "13:16:02"]
[PlyCount "111"]
[TimeControl "2400+10"]

1. d4 d5 2. c4 e6 3. Nc3 Be7 4. Nf3 Nf6 5. cxd5 exd5 6. Bf4 O-O 7. a3 c6 8.
e3 Bg4 9. h3 Bh5 10. Be2 Nbd7 11. O-O Re8 12. Rc1 Qa5 13. Qb3 Qb6 14. Qa2
Rac8 15. b4 a6 16. Na4 Qa7 17. Nc5 Nxc5 18. bxc5 Ne4 19. Ne5 Bxe2 20. Qxe2
Bg5 21. Bxg5 Nxg5 22. Rb1 Ne4 23. Rfc1 Rc7 24. Rb6 h6 25. Qc2 Re6 26. Rcb1
Rf6 27. f3 Ng3 28. Qb2 Nf5 29. e4 dxe4 30. fxe4 Ne7 31. Rxb7 Rxb7 32. Qxb7
Qxb7 33. Rxb7 Ng6 34. Nxg6 Rxg6 35. Rb6 Rg3 36. Rxa6 Rd3 37. Rxc6 Rxa3 38.
Rd6 Rc3 39. c6 Kf8 40. d5 Ke7 41. Rd7+ Ke8 42. Rb7 Re3 43. Rb4 Kd8 44. d6
Kc8 45. d7+ Kc7 46. Rd4 Kd8 47. c7+ Kxc7 48. d8=Q+ Kc6 49. Qc8+ Kb5 50. Qc4+
Kb6 51. Rd6+ Ka7 52. Qa6+ Kb8 53. Rd8+ Kc7 54. Qd6+ Kb7 55. Rb8+ Ka7 56.
Qb6# {Black checkmated} 1-0

[Event "ICC tourney 3095 (40 10)"]
[Site "Internet Chess Club"]
[Date "2023.01.07"]
[Round "3"]
[White "Yan, Rayna:K01-30157975"]
[Black "SCHROMBECK, JON A:Gm374"]
[Result "1-0"]
[ICCResult "Black checkmated"]
[WhiteElo "1048"]
[BlackElo "1029"]
[Opening "Petrov's defense"]
[ECO "C42"]
[NIC "RG.03"]
[Time "15:31:52"]
[PlyCount "35"]
[TimeControl "2400+10"]

1. e4 e5 2. Nf3 Nf6 3. Nxe5 Qe7 4. d4 d6 5. Nf3 Qxe4+ 6. Be2 Bf5 7. c3 Nbd7
8. O-O O-O-O 9. Re1 Qc2 10. Ng5 Bg6 11. Qxc2 h6 12. Qb3 hxg5 13. Bxg5 Re8
14. Nd2 Ne4 15. Nxe4 Bxe4 16. Qxf7 Nf6 17. Bxf6 gxf6 18. Qxe8#
{Black checkmated}
1-0

[Event "ICC tourney 3095 (40 10)"]
[Site "Internet Chess Club"]
[Date "2023.01.07"]
[Round "3"]
[White "CHANG, ALEXANDER:Elatedbook"]
[Black "Bolme, Thomas Bradley:ThomasBradley75"]
[Result "1-0"]
[ICCResult "Black checkmated"]
[WhiteElo "1267"]
[BlackElo "669"]
[Opening "Caro-Kann defense"]
[ECO "B15"]
[NIC "CK.05"]
[Time "15:31:46"]
[PlyCount "57"]
[TimeControl "2400+10"]

1. e4 c6 2. d4 d5 3. Nc3 Nf6 4. e5 Ne4 5. Nxe4 dxe4 6. f3 exf3 7. Nxf3 Bf5
8. c3 e6 9. Be3 Bg4 10. Be2 Nd7 11. Nd2 Bxe2 12. Qxe2 Be7 13. O-O Qc7 14.
Qf3 O-O-O 15. Qxf7 Nxe5 16. dxe5 Qxe5 17. Bd4 Qe3+ 18. Bxe3 Rd7 19. Qxe6 Re8
20. Qg4 g6 21. Nf3 Bd6 22. Bf4 Kc7 23. Bxd6+ Rxd6 24. Qg3 h5 25. Rad1 Rd8
26. Rxd6 Rxd6 27. Rd1 c5 28. Qxd6+ Kc8 29. Qd8# {Black checkmated} 1-0

[Event "ICC tourney 3095 (40 10)"]
[Site "Internet Chess Club"]
[Date "2023.01.07"]
[Round "3"]
[White "VUYYURU, SHRIYAN:loudcertainlava"]
[Black "STEBBINS, PRESCOTT ALLEN:MysticWeirdness"]
[Result "1-0"]
[ICCResult "Black checkmated"]
[WhiteElo "1411"]
[BlackElo "811"]
[Opening "Trompowsky attack (Ruth, Opocenský opening)"]
[ECO "A45"]
[NIC "QP.07"]
[Time "15:33:37"]
[PlyCount "125"]
[TimeControl "2400+10"]

1. d4 Nf6 2. Bg5 d5 3. e3 h6 4. Bf4 Bf5 5. Nf3 c5 6. Bd3 Bxd3 7. cxd3 Nc6 8.
dxc5 e6 9. d4 Qa5+ 10. Qd2 Nb4 11. O-O Nc6 12. Qxa5 Nxa5 13. Nc3 a6 14. Ne5
Nc6 15. Nxc6 bxc6 16. Rac1 Be7 17. Na4 Bd8 18. Nb6 Bxb6 19. cxb6 O-O 20. b7
Rab8 21. Bxb8 Rxb8 22. Rxc6 Rxb7 23. b3 a5 24. Ra6 Rb5 25. Rc1 Ne4 26. f3
Ng5 27. h4 Nh7 28. Rc8+ Nf8 29. Raa8 Kh7 30. Rxf8 Rb4 31. Rfc8 Rb7 32. Rxa5
Rd7 33. Rc1 f6 34. Rc6 e5 35. Rcc5 exd4 36. exd4 Kg6 37. Rxd5 Re7 38. Kf2
Rc7 39. Rac5 Ra7 40. a4 Rb7 41. Rc3 Rb4 42. a5 Kf7 43. a6 Rb6 44. a7 Ra6 45.
Rc7+ Ke6 46. Rd8 Ra2+ 47. Kg3 h5 48. a8=Q Rxa8 49. Rxa8 g6 50. Ra6+ Kd5 51.
Rxf6 Kxd4 52. Rf4+ Kd5 53. b4 Kd6 54. Rfc4 g5 55. R4c6+ Ke5 56. b5 gxh4+ 57.
Kxh4 Kf4 58. b6 Kf5 59. b7 Ke5 60. b8=Q Kd5 61. Qd8+ Ke5 62. Re7+ Kf4 63.
Qf8# {Black checkmated} 1-0

[Event "ICC tourney 3095 (40 10)"]
[Site "Internet Chess Club"]
[Date "2023.01.07"]
[Round "3"]
[White "BOYCE, JOHN :boulevard34"]
[Black "XAVIER KIM, EVEREST:K05-17350711"]
[Result "1-0"]
[ICCResult "Black checkmated"]
[WhiteElo "913"]
[BlackElo "708"]
[Opening "French: advance, Paulsen attack"]
[ECO "C02"]
[NIC "FR.03"]
[Time "15:31:48"]
[PlyCount "105"]
[TimeControl "2400+10"]

1. e4 e6 2. d4 d5 3. e5 c5 4. Nf3 Nc6 5. c3 Qb6 6. Nbd2 Bd7 7. Be2 f6 8.
exf6 Nxf6 9. O-O cxd4 10. Nxd4 Nxd4 11. cxd4 Qxd4 12. Nb3 Qh4 13. Be3 Qb4
14. a3 Qd6 15. Bc5 Qe5 16. Bxf8 Kxf8 17. Nc5 Qc7 18. Rc1 Qb6 19. Rc2 Be8 20.
Qc1 Bg6 21. Rc3 Kf7 22. b4 d4 23. Rg3 Rhc8 24. Qf4 a5 25. Nd7 Ke7 26. Nxb6
d3 27. Bxd3 Nh5 28. Qf3 Nxg3 29. Qxg3 Rc3 30. Nxa8 axb4 31. Qh4+ Kf7 32.
Bxg6+ hxg6 33. Qxb4 Rd3 34. Nc7 g5 35. Qxb7 Rd7 36. Qf3+ Ke7 37. Nb5 Rd5 38.
a4 Rd8 39. Qa3+ Kf7 40. h3 g4 41. hxg4 g5 42. Nd6+ Kf6 43. Ne4+ Ke5 44. Re1
Rd4 45. Qg3+ Kd5 46. Nf6+ Kc4 47. Rc1+ Kb4 48. Qc3+ Kxa4 49. Qxd4+ Ka3 50.
Rc3+ Kb2 51. Re3+ Ka2 52. Qd2+ Kb1 53. Re1# {Black checkmated} 1-0

[Event "ICC tourney 3095 (40 10)"]
[Site "Internet Chess Club"]
[Date "2023.01.07"]
[Round "3"]
[White "Anand, Anirudh:AnirudhAnand"]
[Black "ZHOU, ZACK:ZackZhou"]
[Result "1-0"]
[ICCResult "Black resigns"]
[WhiteElo "768"]
[BlackElo "1300"]
[Opening "Rousseau gambit"]
[ECO "C50"]
[NIC "IG.03"]
[Time "15:31:53"]
[PlyCount "31"]
[TimeControl "2400+10"]

1. e4 e5 2. Nf3 Nc6 3. Bc4 f5 4. exf5 e4 5. Nd4 Nf6 6. Nxc6 bxc6 7. O-O d5
8. Bb3 Bxf5 9. d3 Bc5 10. dxe4 Nxe4 11. Nc3 O-O 12. Nxe4 Bxe4 13. Qe2 Bd6
14. Qxe4 Rf4 15. Bxf4 c5 16. Bxd5+ {Black resigns} 1-0

[Event "ICC tourney 3095 (40 10)"]
[Site "Internet Chess Club"]
[Date "2023.01.07"]
[Round "3"]
[White "NI, MATTHEW:oldwetplant"]
[Black "Cao, Tingkai:Tingkai"]
[Result "1-0"]
[ICCResult "Black checkmated"]
[WhiteElo "1324"]
[BlackElo "920"]
[Opening "Sicilian: Smith-Morra gambit"]
[ECO "B21"]
[NIC "SI.48"]
[Time "15:31:43"]
[PlyCount "131"]
[TimeControl "2400+10"]

1. e4 c5 2. d4 cxd4 3. Qxd4 Nc6 4. Qd3 Nf6 5. Nc3 g6 6. Bf4 d6 7. Be2 Bg7 8.
Nf3 O-O 9. O-O Qb6 10. Na4 Qc7 11. Rac1 Bd7 12. Nc3 Rac8 13. a3 e5 14. Bg5
Bg4 15. h3 Bxf3 16. Bxf3 Nd4 17. Bxf6 Bxf6 18. Bg4 Rcd8 19. Nd5 Qc6 20.
Nxf6+ Kg7 21. Nd5 f5 22. Bf3 Nxf3+ 23. Qxf3 fxe4 24. Qxe4 Rf5 25. Nc3 Qxe4
26. Nxe4 d5 27. Ng3 Rff8 28. Rfe1 Rfe8 29. Rcd1 e4 30. Rd4 Rf8 31. Red1 Rd6
32. Nxe4 Re6 33. Nc3 Ref6 34. f3 Rb6 35. Na4 Rd6 36. Rxd5 Ra6 37. Rd7+ Rf7
38. Rxf7+ Kxf7 39. Nc5 Rc6 40. Nxb7 Rc7 41. Nd6+ Ke6 42. Nb5 Rd7 43. Rxd7
Kxd7 44. Kf2 Kc6 45. Nc3 Kc5 46. Ke2 Kd4 47. Nb5+ Kc5 48. Nxa7 Kb6 49. Nc8+
Kc7 50. Ne7 Kd7 51. Nd5 Kd6 52. Nf6 h6 53. g4 Ke6 54. Ng8 h5 55. a4 Kf7 56.
a5 Kxg8 57. a6 Kf8 58. a7 Ke7 59. a8=Q Kd6 60. Qc8 Kd5 61. b4 Kd6 62. b5 Kd5
63. b6 Kd6 64. b7 Kd5 65. b8=Q Kd4 66. Qd6# {Black checkmated} 1-0

[Event "ICC tourney 3095 (40 10)"]
[Site "Internet Chess Club"]
[Date "2023.01.07"]
[Round "3"]
[White "ASKEW, GEORGE:BlueStorm"]
[Black "procopio, Patti:prostripe"]
[Result "1-0"]
[ICCResult "Black resigns"]
[WhiteElo "1360"]
[BlackElo "1132"]
[Opening "Trompowsky attack (Ruth, Opocenský opening)"]
[ECO "A45"]
[NIC "QP.07"]
[Time "15:31:46"]
[PlyCount "97"]
[TimeControl "2400+10"]

1. d4 Nf6 2. Bg5 d6 3. Bxf6 exf6 4. e4 Be7 5. Nc3 O-O 6. Bd3 Nc6 7. Nf3 Bg4
8. Be2 f5 9. h3 Bh5 10. exf5 Bf6 11. g4 Bxg4 12. hxg4 Re8 13. Qd2 Qe7 14.
O-O-O h6 15. Rde1 Nxd4 16. Nxd4 Bg5 17. f4 Bf6 18. Bc4 Qd7 19. Rxe8+ Rxe8
20. Ne6 Qc6 21. Qd5 fxe6 22. Qxc6 bxc6 23. fxe6 d5 24. Nxd5 cxd5 25. Bxd5
Kf8 26. f5 Ke7 27. Bc6 Rd8 28. c3 Rd6 29. Ba4 Bg5+ 30. Kb1 Rd2 31. Rd1 c5
32. Rxd2 Bxd2 33. Kc2 Be3 34. Kd3 Bg1 35. b4 cxb4 36. cxb4 Bb6 37. Ke4 Bf2
38. Bb3 Bb6 39. a4 a5 40. b5 Bg1 41. Kd5 Be3 42. Kc6 Bd2 43. b6 Bf4 44. Kb7
Bd6 45. Kc8 Kf6 46. b7 Kg5 47. Bd1 Bf4 48. b8=Q Bxb8 49. Kxb8 {Black
resigns} 1-0

[Event "ICC tourney 3095 (40 10)"]
[Site "Internet Chess Club"]
[Date "2023.01.07"]
[Round "3"]
[White "Lou, Alvin:alvinl77"]
[Black "JARGALSAIKHAN, OCHIR:K06-30018301"]
[Result "1/2-1/2"]
[ICCResult "Game drawn by mutual agreement"]
[WhiteElo "885"]
[BlackElo "1411"]
[Opening "Sicilian: Grand Prix attack"]
[ECO "B23"]
[NIC "SI.44"]
[Time "15:32:04"]
[PlyCount "84"]
[TimeControl "2400+10"]

1. e4 c5 2. Nc3 Nc6 3. f4 g6 4. Nf3 Bg7 5. Bb5 a6 6. Bxc6 dxc6 7. d3 Nf6 8.
O-O Bg4 9. h3 Bxf3 10. Rxf3 Qd7 11. Qe1 e6 12. f5 gxf5 13. exf5 O-O-O 14.
fxe6 fxe6 15. Bg5 Rdf8 16. Bxf6 Bxf6 17. Kh1 Qe7 18. Rb1 Bh4 19. Rxf8+ Rxf8
20. g3 Bf6 21. Qe2 Bd4 22. Rf1 Rxf1+ 23. Qxf1 Bxc3 24. bxc3 Qg7 25. Qe1 Kd7
26. Kg2 h5 27. Qb1 Kc7 28. Qe1 Qg5 29. Kf2 Qd5 30. c4 Qd4+ 31. Qe3 Qb2 32.
Qxe6 Qxc2+ 33. Qe2 Qxe2+ 34. Kxe2 Kd6 35. g4 hxg4 36. hxg4 Ke5 37. Ke3 b5
38. g5 Kf5 39. g6 Kxg6 40. d4 cxd4+ 41. Kxd4 Kf5 42. cxb5 cxb5
{Game drawn by mutual agreement}
1/2-1/2

[Event "ICC tourney 3095 (40 10)"]
[Site "Internet Chess Club"]
[Date "2023.01.07"]
[Round "3"]
[White "HAO, RYAN:Ryan334"]
[Black "KISHORE, KAVISH:K03-16800564"]
[Result "1-0"]
[ICCResult "Black checkmated"]
[WhiteElo "727"]
[BlackElo "1405"]
[Opening "Sicilian: Alapin's variation (2.c3)"]
[ECO "B22"]
[NIC "SI.46"]
[Time "15:31:45"]
[PlyCount "57"]
[TimeControl "2400+10"]

1. e4 c5 2. c3 d6 3. d4 cxd4 4. cxd4 e6 5. Nc3 a6 6. Nf3 Nf6 7. Bc4 b5 8.
Bb3 Bb7 9. Qc2 Nbd7 10. Bg5 Rc8 11. Qd3 h6 12. Bh4 Qc7 13. O-O b4 14. Bxf6
Nxf6 15. Ba4+ Bc6 16. Bxc6+ Qxc6 17. d5 exd5 18. Nxd5 Nxd5 19. exd5 Qb7 20.
Rfe1+ Be7 21. Qe2 Rc7 22. Rac1 Rxc1 23. Rxc1 Qxd5 24. Rc8+ Kd7 25. Rxh8 Qxa2
26. h3 Qb1+ 27. Kh2 b3 28. Qxa6 Qxb2 29. Qc8# {Black checkmated} 1-0

[Event "ICC tourney 3095 (40 10)"]
[Site "Internet Chess Club"]
[Date "2023.01.07"]
[Round "3"]
[White "CHENG, STEPHEN:K05-30041099"]
[Black "Guntaka, Aayansh R:aayanshguntaka"]
[Result "1/2-1/2"]
[ICCResult "Game drawn by repetition"]
[WhiteElo "1145"]
[BlackElo "1345"]
[Opening "French: advance variation"]
[ECO "C02"]
[NIC "FR.03"]
[Time "15:31:48"]
[PlyCount "73"]
[TimeControl "2400+10"]

1. e4 e6 2. d4 d5 3. e5 c5 4. c3 Qb6 5. Nf3 Nc6 6. Be2 Nh6 7. Bxh6 Qxb2 8.
Bc1 Qxa1 9. Qb3 Na5 10. Qc2 cxd4 11. O-O Bd7 12. Bd2 d3 13. Bxd3 Be7 14. Na3
Qxf1+ 15. Kxf1 Bxa3 16. Be3 h6 17. Qd2 Nc4 18. Bxc4 dxc4 19. Qd4 a6 20. Nd2
Bb5 21. Kg1 Rd8 22. Qb6 Bc1 23. Nf1 Bxe3 24. Nxe3 O-O 25. Qxb7 Rd3 26. a4
Bxa4 27. Qxa6 Bb3 28. Qa5 Rb8 29. g3 g6 30. Kg2 Rc8 31. Qa6 Rc5 32. Qa8+ Kg7
33. Qe4 Rc8 34. Qb7 Rc5 35. Qe4 Rc8 36. Qb7 Rc5 37. Qe4
{Game drawn by repetition}
1/2-1/2

[Event "ICC tourney 3095 (40 10)"]
[Site "Internet Chess Club"]
[Date "2023.01.07"]
[Round "3"]
[White "Sun, Nathan Haojia:nathansun123"]
[Black "Xu, Michael:mxu81"]
[Result "0-1"]
[ICCResult "White checkmated"]
[WhiteElo "1216"]
[BlackElo "1186"]
[Opening "Petrov: Nimzovich attack"]
[ECO "C42"]
[NIC "RG.03"]
[Time "15:31:43"]
[PlyCount "154"]
[TimeControl "2400+10"]

1. e4 e5 2. Nf3 Nf6 3. Nxe5 d6 4. Nf3 Nxe4 5. Nc3 Bf5 6. Be2 Be7 7. O-O O-O
8. Nxe4 Bxe4 9. d3 Bg6 10. Bf4 Nc6 11. d4 Bf6 12. c3 Ne7 13. Bc4 c6 14. d5
b5 15. Bb3 c5 16. a4 c4 17. Bc2 Bxc2 18. Qxc2 Nxd5 19. Bg3 bxa4 20. Rfd1 Nb6
21. Rxd6 Qc8 22. Re1 Re8 23. Red1 Qa6 24. Ra1 Qb5 25. Nd4 Bxd4 26. Rxd4 Qb3
27. Qd2 Qb5 28. Qc2 Rad8 29. Rh4 Rd3 30. Kf1 Qd5 31. Bc7 Qd7 32. Bxb6 axb6
33. Rxc4 Rd2 34. Qxa4 b5 35. Rd4 bxa4 36. Rxd7 Rxd7 37. f3 Ra8 38. Ke2 g6
39. b4 a3 40. b5 a2 41. c4 Rd4 42. b6 Rxc4 43. b7 Rb8 44. Rxa2 Rxb7 45. Kf2
Rbc7 46. Kg3 Rc2 47. Ra4 Re2 48. Rg4 Rcc2 49. Kh3 f5 50. Rg5 Kg7 51. Rg3 Kf6
52. f4 Rf2 53. Rf3 Rxf3+ 54. gxf3 h5 55. Kg3 Rc4 56. h3 g5 57. fxg5+ Kxg5
58. Kg2 f4 59. Kh2 Kh4 60. Kg2 Rc2+ 61. Kf1 Kxh3 62. Ke1 Kg3 63. Kd1 h4 64.
Kxc2 h3 65. Kd3 h2 66. Ke4 h1=Q 67. Kf5 Qxf3 68. Ke5 Qe3+ 69. Kd6 f3 70. Kd5
f2 71. Kd6 f1=Q 72. Kd5 Qd1+ 73. Kc4 Qec1+ 74. Kb4 Qd4+ 75. Kb3 Qdb2+ 76.
Ka4 Qc4+ 77. Ka5 Qca2# {White checkmated} 0-1

[Event "ICC tourney 3095 (40 10)"]
[Site "Internet Chess Club"]
[Date "2023.01.07"]
[Round "3"]
[White "RAVIND G N, RICNESH:RickyCarlsen"]
[Black "ANGELCHIK, JACOB:t105mm"]
[Result "1-0"]
[ICCResult "Black resigns"]
[WhiteElo "1467"]
[BlackElo "1259"]
[Opening "Saragossa opening"]
[ECO "A00"]
[NIC "VO.12"]
[Time "15:31:50"]
[PlyCount "59"]
[TimeControl "2400+10"]

1. c3 Nf6 2. d4 d5 3. Nf3 Bf5 4. Bg5 e6 5. Qb3 Qc8 6. Nbd2 Be7 7. Ne5 Nbd7
8. Ndf3 O-O 9. Nxd7 Qxd7 10. Ne5 Qd8 11. e3 h6 12. Bxf6 Bxf6 13. f4 Bxe5 14.
fxe5 f6 15. exf6 Qxf6 16. O-O-O Bg4 17. Re1 Qf2 18. Bd3 b6 19. e4 Qxg2 20.
exd5 Qxd5 21. Bc4 Qg5+ 22. Kb1 Qf5+ 23. Ka1 Rae8 24. Rhf1 Qg6 25. Rg1 Rf3
26. a3 Qf5 27. Rxg4 Qxg4 28. Bxe6+ Rxe6 29. Rxe6 Qg1+ 30. Re1+ {Black
resigns} 1-0

[Event "ICC tourney 3095 (40 10)"]
[Site "Internet Chess Club"]
[Date "2023.01.07"]
[Round "3"]
[White "STONE, GILBERT L:tightfist"]
[Black "SINTON, LUC:LucSinton"]
[Result "0-1"]
[ICCResult "White checkmated"]
[WhiteElo "1200"]
[BlackElo "1400"]
[Opening "Sicilian defense"]
[ECO "B30"]
[NIC "SI.31"]
[Time "15:32:00"]
[PlyCount "140"]
[TimeControl "2400+10"]

1. Nf3 c5 2. e4 Nc6 3. c3 e5 4. d3 Nf6 5. Be2 d6 6. O-O Be6 7. Bg5 Be7 8. h3
Qd7 9. Kh2 h6 10. Bh4 Rg8 11. Nbd2 g5 12. Bg3 g4 13. Nh4 gxh3 14. gxh3 Bxh3
15. Rg1 Ng4+ 16. Bxg4 Bxg4 17. f3 Bh5 18. Nf5 O-O-O 19. Nxe7+ Qxe7 20. Nc4
Rg7 21. Ne3 Rg6 22. Nf5 Qf6 23. Bh4 Rxg1 24. Qxg1 Qh8 25. Bxd8 Nxd8 26.
Nxd6+ Kc7 27. Nf5 Ne6 28. Rf1 b6 29. Qg3 f6 30. Qh3 Nf4 31. Qh4 Qg8 32. Rg1
Qxa2 33. Rg7+ Kb8 34. Qf2 Nxd3 35. Qg2 Qxb2 36. Rg8+ Kb7 37. Qxb2 Nxb2 38.
Nxh6 Bxf3 39. Ng4 Bxe4 40. Nxf6 Bd3 41. Rg2 Nd1 42. Rd2 Nxc3 43. Rxd3 Nb5
44. Rd5 Kc6 45. Rxe5 c4 46. Ne4 c3 47. Rf5 c2 48. Rf1 Kd5 49. Rc1 Kxe4 50.
Rxc2 Kd5 51. Kg3 Kd4 52. Kf3 Nc3 53. Kf2 Kc4 54. Ke3 Kb3 55. Kd3 Nb5 56. Rc4
a5 57. Rc8 a4 58. Ra8 a3 59. Ra6 a2 60. Rxa2 Kxa2 61. Kc4 Nc7 62. Kb4 Na8
63. Kb5 Kb3 64. Ka6 Kc4 65. Kb7 b5 66. Ka6 b4 67. Ka5 b3 68. Ka4 b2 69. Ka3
b1=Q 70. Ka4 Qa1# {White checkmated} 0-1

[Event "ICC tourney 3095 (40 10)"]
[Site "Internet Chess Club"]
[Date "2023.01.07"]
[Round "4"]
[White "procopio, Patti:prostripe"]
[Black "Cao, Tingkai:Tingkai"]
[Result "0-1"]
[ICCResult "White checkmated"]
[WhiteElo "1132"]
[BlackElo "920"]
[Opening "Queen's pawn: London system"]
[ECO "A45"]
[NIC "QP.07"]
[Time "17:45:14"]
[PlyCount "28"]
[TimeControl "2400+10"]

1. d4 Nf6 2. Bf4 e6 3. Nc3 Bb4 4. a3 Bxc3+ 5. bxc3 O-O 6. e3 Ne4 7. Qd3 Nf6
8. Qc4 Nd5 9. e4 Nxf4 10. d5 exd5 11. exd5 Re8+ 12. Be2 Nxe2 13. Nxe2 Qe7
14. Qxc7 Qxe2# {White checkmated} 0-1

[Event "ICC tourney 3095 (40 10)"]
[Site "Internet Chess Club"]
[Date "2023.01.07"]
[Round "4"]
[White "CHENG, STEPHEN:K05-30041099"]
[Black "Saravia, Kyle:Kyle45"]
[Result "1-0"]
[ICCResult "Black checkmated"]
[WhiteElo "1145"]
[BlackElo "1231"]
[Opening "Sicilian: Alapin's variation (2.c3)"]
[ECO "B22"]
[NIC "SI.46"]
[Time "17:45:09"]
[PlyCount "107"]
[TimeControl "2400+10"]

1. e4 c5 2. c3 e6 3. d4 d5 4. exd5 exd5 5. Nf3 Nf6 6. Bf4 Bd6 7. Bxd6 Qxd6
8. Bd3 c4 9. Bc2 Bg4 10. O-O O-O 11. Nbd2 Nc6 12. h3 Bh5 13. Re1 Rae8 14. a4
Rxe1+ 15. Qxe1 Re8 16. Qf1 a5 17. Re1 Bg6 18. Rxe8+ Nxe8 19. Bxg6 Qxg6 20.
Qe2 Nd6 21. Ne5 Nxe5 22. Qxe5 Qe6 23. f4 h6 24. Kf2 Qg6 25. Qxd5 Qc2 26.
Qxd6 Qxd2+ 27. Kf3 Qxb2 28. Qd8+ Kh7 29. Qxa5 b6 30. Qb4 Qb3 31. Ke3 f5 32.
Qxb3 cxb3 33. Kd3 g5 34. c4 g4 35. c5 bxc5 36. dxc5 Kg6 37. c6 b2 38. Kc2
Kf6 39. c7 Ke6 40. c8=Q+ Kd5 41. Kxb2 Ke4 42. Qc7 Ke3 43. hxg4 fxg4 44. f5
h5 45. f6 h4 46. f7 h3 47. f8=Q hxg2 48. Qh2 g1=R 49. Qxg1+ Ke4 50. Qe1+ Kd5
51. Qd8+ Kc4 52. Qc1+ Kb4 53. Qb8+ Kxa4 54. Qa1# {Black checkmated} 1-0

[Event "ICC tourney 3095 (40 10)"]
[Site "Internet Chess Club"]
[Date "2023.01.07"]
[Round "4"]
[White "STEBBINS, PRESCOTT ALLEN:MysticWeirdness"]
[Black "ASKEW, GEORGE:BlueStorm"]
[Result "0-1"]
[ICCResult "White checkmated"]
[WhiteElo "811"]
[BlackElo "1360"]
[Opening "Pirc: classical (two knights) system"]
[ECO "B06"]
[NIC "PU.10"]
[Time "17:46:44"]
[PlyCount "32"]
[TimeControl "2400+10"]

1. e4 g6 2. d4 Bg7 3. Nc3 d6 4. Nf3 Nf6 5. Bc4 c6 6. Bf4 b5 7. Bb3 Nh5 8.
Bg3 Bg4 9. Qd3 O-O 10. h3 Bxf3 11. gxf3 Qb6 12. O-O-O Nd7 13. d5 c5 14. Qd2
c4 15. Na4 bxa4 16. Bxc4 Qxb2# {White checkmated} 0-1

[Event "ICC tourney 3095 (40 10)"]
[Site "Internet Chess Club"]
[Date "2023.01.07"]
[Round "4"]
[White "ZHOU, ZACK:ZackZhou"]
[Black "BOYCE, JOHN :boulevard34"]
[Result "1-0"]
[ICCResult "Black resigns"]
[WhiteElo "1300"]
[BlackElo "913"]
[Opening "Philidor's defense"]
[ECO "C41"]
[NIC "KP.10"]
[Time "17:45:50"]
[PlyCount "75"]
[TimeControl "2400+10"]

1. e4 e5 2. Nf3 d6 3. Bc4 h6 4. O-O Nf6 5. Re1 Be7 6. d4 Nbd7 7. c3 O-O 8.
Be3 a6 9. h3 Nb6 10. Bb3 Nbd7 11. Nbd2 c6 12. Qc2 c5 13. Nc4 b5 14. dxe5
bxc4 15. exf6 Bxf6 16. Bxc4 Ne5 17. Nxe5 Bxe5 18. Rad1 Kh8 19. f4 Bf6 20. e5
Bh4 21. Rxd6 Qc7 22. Red1 Be7 23. R6d3 Bf5 24. Qe2 Bxd3 25. Bxd3 Rab8 26.
Bxa6 Qb6 27. b4 Qc6 28. b5 Qc7 29. Rd5 Rbd8 30. Qc4 Rxd5 31. Qxd5 Rd8 32.
Qxf7 Rd1+ 33. Kh2 Rd3 34. Bf2 Rd2 35. Bh4 Rd7 36. e6 Qd8 37. exd7 Bxh4 38.
Qe8+ {Black resigns} 1-0